 Dungeon Crawl Stone Soup version 0.28-a0-628-g3c9886e45e (webtiles) character file.

Game seed: 13547096178291321324

104 EnegeticOcto the Covered (level 4, -2/29 HPs)
             Began as a Gargoyle Fighter on Oct 8, 2021.
             Slain by an ogre (19 damage)
             ... on level 4 of the Dungeon.
             The game lasted 00:00:59 (2325 turns).

EnegeticOcto the Covered (Gargoyle Fighter)         Turns: 2325, Time: 00:00:59

Health: -2/29      AC: 11    Str: 21    XL:     4   Next: 80%
Magic:  4/4        EV:  9    Int:  8    God:
Gold:   104        SH:  4    Dex:  9    Spells: 3/3 levels left

rFire   . . .      SeeInvis .   a - +0 war axe
rCold   . . .      Faith    .   c - +0 buckler
rNeg    + . .      Spirit   .   b - +0 scale mail
rPois   ∞          Reflect  .   (no helmet)
rElec   +          Harm     .   (no cloak)
rCorr   .          Rampage  .   q - +0 pair of gloves
Will    .....                   (no boots)
Stlth   ..........              (no amulet)
HPRegen 0.09/turn               (no ring)
MPRegen 0.09/turn               (no ring)

@: no status effects
A: sickness immunity, AC +3, negative energy resistance 1, electricity
resistance, torment resistance 1, petrification resistance
a: no special abilities


You were on level 4 of the Dungeon.
You visited 1 branch of the dungeon, and saw 4 of its levels.

You collected 104 gold pieces.

Inventory:

Hand Weapons
 a - a +0 war axe (weapon)
Armour
 b - a +0 scale mail (worn)
 c - a +0 buckler (worn)
 q - a +0 pair of gloves (worn)
 r - a +0 tower shield of fire resistance
Jewellery
 e - a +4 ring of protection
Scrolls
 f - a scroll of immolation
 g - 5 scrolls of identify {unknown}
 j - a scroll of fog {unknown}
 l - a scroll of torment {unknown}
 n - a scroll of amnesia {unknown}
 o - a scroll of teleportation {unknown}
 p - a scroll of noise {unknown}
Potions
 d - a potion of might {@q3}
 h - a potion of lignification {unknown}
 i - 4 potions of ambrosia {unknown}
 k - a potion of attraction {unknown}
 m - a potion of curing {unknown}
 s - 2 potions of haste {unknown}


   Skills:
 + Level 3.9 Fighting
 * Level 3.1 Axes
 + Level 3.9 Armour
 + Level 3.9 Shields


You had 3 spell levels left.
You didn't know any spells.
Your spell library was empty.

Dungeon Overview and Level Annotations

Branches:
Dungeon (4/15)
 Temple: D:4-7

Altars:
Yredelemnul


Innate Abilities, Weirdness & Mutations

You are immune to sickness and miasma.
Your stone body is resilient. (AC +3)
You are immune to poison.
You resist negative energy. (rN+)
You are resistant to electric shocks. (rElec)
You are resistant to unholy torment.
You are immune to petrification.


Message History

A hobgoblin comes into view.
The hobgoblin shouts!
A hobgoblin is nearby!
A hobgoblin is nearby!
A hobgoblin is nearby!
There is an open door here.
The hobgoblin hits you but does no damage.
You slash the hobgoblin!
You kill the hobgoblin!
No target in view!
No target in view!
No target in view!
No target in view!
No target in view!
No target in view!
No target in view!
No target in view!
No target in view!
No target in view!
No target in view!
There is an open door here.
You see here a +0 tower shield of fire resistance.
r - a +0 tower shield of fire resistance
Found a stone staircase leading up.
A hobgoblin comes into view.
The hobgoblin shouts!
A hobgoblin is nearby!
A hobgoblin is nearby!
A hobgoblin is nearby!
A quokka comes into view.
The hobgoblin hits you but does no damage.
You see here 2 coppery potions.
You slash the hobgoblin!
You kill the hobgoblin!
You hit the quokka.
The quokka is severely wounded.
The quokka closely misses you.
You completely miss the quokka.
The quokka is severely wounded.
The quokka closely misses you.
The quokka bites you but does no damage.
You miss the quokka.
The quokka is severely wounded.
The quokka bites you but does no damage.
You closely miss the quokka.
The quokka is severely wounded.
The quokka closely misses you. The quokka barely misses you.
You closely miss the quokka.
The quokka is severely wounded.
The quokka closely misses you.
You closely miss the quokka.
The quokka is severely wounded.
The quokka bites you but does no damage.
You block the quokka's attack.
A quokka is nearby!
A quokka is nearby!
A quokka is nearby!
A quokka is nearby!
A quokka is nearby!
You slash the quokka!
You kill the quokka!
No target in view!
No target in view!
No target in view!
No target in view!
No target in view!
s - 2 coppery potions You open the door.
An adder comes into view.
Found a short sword.
The adder hisses angrily.
There is an open door here.
An adder is nearby!
An adder is nearby!
An adder is nearby!
An adder is nearby!
A ball python and an ogre come into view.
The ball python hisses angrily.
You miss the adder. The adder closely misses you. You block the adder's attack.
You slash the adder!
The adder is severely wounded.
The adder bites you but does no damage. The adder bites you.
You barely miss the adder.
The adder is severely wounded.
You slash the ball python!
You kill the ball python!
The adder bites you.
You slash the adder!
You kill the adder!
You slash the ogre!
The ogre is moderately wounded.
The ogre hits you with a +0 giant club!
You completely miss the ogre.
The ogre is moderately wounded.
The ogre closely misses you.
You barely miss the ogre.
The ogre is moderately wounded.
The ogre hits you with a +0 giant club!!
Ouch! That really hurt!
You die...

...................
...................
###...###...#######
# #...# #...##...#
....... #....<...#
....... #........#
...... #........#
.### ###.####'# #.#
#@# .......O†......
...............
................
.................
...........)...
##.####...##.^. #.
#...# ...


You could see an ogre.

Vanquished Creatures
  2 adders (D:4)
  A gnoll (D:1)
  3 dart slugs (D:1)
  2 orcs (D:3)
  4 bats
  An endoplasm (D:3)
  3 giant cockroaches
  6 goblins
  14 hobgoblins
  2 quokkas
  4 ball pythons
  3 frilled lizards (D:1)
  12 kobolds
  5 rats
62 creatures vanquished.

Notes
Turn   | Place    | Note
-------+----------+-------------------------------------------
     0 | D:1      | EnegeticOcto the Gargoyle Fighter began the quest for the
                  | Orb.
     0 | D:1      | Reached XP level 1. HP: 14/14 MP: 1/1
    92 | D:1      | Reached XP level 2. HP: 17/19 MP: 2/2
   267 | D:1      | Reached XP level 3. HP: 23/23 MP: 3/3
   456 | D:1      | Found a faded altar of an unknown god.
  1686 | D:3      | Reached XP level 4. HP: 29/29 MP: 4/4
  1687 | D:3      | Found a basalt altar of Yredelemnul.
  2318 | D:4      | Noticed an ogre
  2325 | D:4      | Slain by an ogre

Illustrated notes

Levels and vault maps discovered:
D:1:      dpeg_arrival_houses_and_road, layout_loops_ring,
          hellmonk_ecumenical_altar_blasted
D:2:      layout_basic, grunt_ministairs_9
D:3:      corexii_shack_village, layout_rooms,
          mainiacjoe_overflow_cross_hatched, minivault_5
D:4:      layout_gridville, hangedman_decor_clover_reticule,
          hangedman_decor_lopped

Skill      XL: |  1  2  3  4 |
---------------+-------------+-----
Axes           | 2 3 |  3.1
Fighting       | |  3.9
Armour         | |  3.9
Shields        | |  3.9

Action                   |  1- 3 |  4- 6 || total
-------------------------+-------+-------++-------
Melee: War axe           |   100 |    57 ||   157
Armor: Scale mail        |    59 |    16 ||    75
Dodge: Dodged            |    54 |    23 ||    77
Block: Buckler           |    23 |    13 ||    36

Table legend: (Time is in decaauts)
 A = Elapsed time spent in this place.
 B = Non-inter-level travel time spent in this place.
 C = Inter-level travel time spent in this place.
 D = Time resting spent in this place.
 E = Time spent auto-exploring this place.
 F = Levels seen in this place.
 G = Mean time per level.
                   A        B        C        D        E       F      G
               +--------+--------+--------+--------+--------+-----+--------+
         Total |   2384 |   2242 |    142 |      0 |   1838 |   4 |  596.0 |
       Dungeon |   2384 |   2242 |    142 |      0 |   1838 |   4 |  596.0 |
               +--------+--------+--------+--------+--------+-----+--------+

Top non-repeatable levels by time:
     D:1: 986 daAuts
     D:3: 679 daAuts
     D:2: 645 daAuts
     D:4: 72 daAuts
